Map: Lightshade LE

Players

CalebAracous

  • Race: Zerg Zerg
  • League: Grandmaster
  • Spawn Location: 5:00

Dolan - Winner!

  • Race: Terran Terran
  • League: Grandmaster
  • Spawn Location: 11:00

VOD

Have the link to the VOD?

Description

Time

  • Played on: Oct. 22, 2020, 3:13 p.m.
  • Length: 7:10
Show
View Real Time Build Order
Export as new Build Order

CalebAracous Zerg 

Build Orders: Hatch First 

Get SALT Encoding   

  12  0:00  Drone  
  13  0:12  Overlord  
  13  0:16  Drone  
  14  0:30  Drone x2  
  16  0:47  Hatchery  
  15  0:51  Drone  
  15  0:53  Drone  
  15  0:57  Drone  
  18  1:07  Extractor  
  17  1:12  Spawning Pool  
  17  1:15  Drone  
  17  1:18  Drone  
  18  1:28  Drone  
  19  1:40  Drone  
  20  1:53  Overlord  
  20  1:59  Queen x2  
  20  2:00  Zergling x4  
  26  2:08  Metabolic Boost  
  26  2:12  Drone x2  
  28  2:30  Drone x2  
  30  2:38  Hatchery  
  30  2:41  Queen  
  31  2:47  Overlord  
  32  2:51  Drone x2  
  32  2:56  Drone x2  
  35  3:02  Pneumatized Carapace  
  35  3:09  Zergling x4  
  35  3:11  Drone  
  38  3:15  Overlord  
  38  3:19  Queen  
  38  3:26  Zergling x2  
  41  3:28  Overlord, Drone  
  41  3:33  Drone x2  
  44  3:37  Drone  
  44  3:38  Drone  
  46  3:43  Drone x2  
  46  3:44  Overlord  
  48  3:52  Drone  
  48  3:53  Queen  
  51  3:55  Drone  
  52  4:10  Drone x9  
  52  4:14  Queen  
  63  4:19  Overlord  
  63  4:20  Overlord  
  63  4:26  Lair  
  63  4:29  Extractor  
  62  4:31  Roach Warren  
  62  4:35  Zergling x6  
  64  4:48  Zergling x6  
  64  4:49  Zergling x2  
  64  4:51  Drone x8  
  73  5:00  Overlord  
  73  5:03  Evolution Chamber  
  73  5:05  Evolution Chamber  
  69  5:10  Drone x5  
  72  5:14  Extractor  
  72  5:15  Extractor  
  70  5:22  Drone x3  
  70  5:26  Spire, Spore Crawler  
  70  5:27  Spore Crawler x2  
  70  5:28  Spore Crawler, Queen  
  70  5:37  Roach x4  
  78  5:44  Roach  
  78  5:45  Roach x3  
  78  5:49  Roach  
  77  5:55  Roach  
  71  6:05  Roach x3  
  70  6:16  Queen x2  
  68  6:23  Queen, Roach  
  62  6:48  Drone x10  
  72  7:05  Spire  
Show
View Real Time Build Order
Export as new Build Order

Dolan Terran - Winner!

Build Orders: Hellion Opening, Reaper Expand 

Get SALT Encoding   

  12  0:00  SCV  
  13  0:12  SCV  
  14  0:17  Supply Depot  
  14  0:24  SCV  
  15  0:38  SCV  
  15  0:40  Barracks  
  16  0:43  Refinery  
  16  0:50  SCV  
  17  1:03  SCV  
  18  1:15  SCV  
  19  1:26  Reaper  
  19  1:27  Orbital Command  
  20  1:39  Command Center  
  20  1:52  Supply Depot, SCV  
  21  1:58  Marine  
  22  2:04  SCV  
  22  2:08  Factory  
  23  2:12  Refinery  
  23  2:17  SCV  
  23  2:20  Barracks Reactor  
  24  2:29  SCV  
  24  2:41  SCV  
  25  2:52  Starport  
  25  2:54  SCV, Orbital Command  
  26  3:02  Hellion x2, Marine  
  31  3:07  SCV  
  32  3:19  SCV  
  34  3:20  SCV  
  34  3:24  Hellion x2  
  38  3:27  Supply Depot  
  38  3:28  Medivac  
  38  3:33  SCV x2  
  42  3:37  Fusion Core  
  42  3:45  SCV x2  
  44  3:50  Hellion x2  
  44  3:51  Supply Depot  
  48  4:06  Starport Tech Lab  
  48  4:07  SCV x2  
  50  4:14  Supply Depot  
  50  4:17  Hellion x2  
  50  4:20  SCV x2  
  56  4:33  Battlecruiser  
  56  4:36  SCV x2  
  64  4:40  Hellion x2  
  64  4:43  Supply Depot  
  68  4:51  SCV x2  
  70  4:54  Armory  
  70  5:02  Supply Depot  
  70  5:03  Supply Depot  
  70  5:05  Hellion x2  
  74  5:11  SCV  
  74  5:12  SCV  
  76  5:26  Hellion x2  
  80  5:31  Command Center  
  80  5:37  SCV x2  
  82  5:47  Hellion x2  
  78  5:58  Battlecruiser  
  84  6:09  Hellion  
  78  6:26  Hellion  
  78  6:30  Hellion  
  62  6:47  SCV x2  
  62  6:48  Hellion  
  62  6:56  Refinery  
  62  6:58  Refinery  
Tags
 
Add a new tag
Caveats
  • Supply blocks, unpowered buildings, or Contaminate may cause inaccurate times.
  • Supply counts are checked every 10 seconds.